 Dungeon Crawl Stone Soup version 0.29-a0-323-g050149af67 (webtiles) character file.

Game seed: 5351104069463561188

462 GigaChad the Covered (level 6, -2/43 (56) HPs)
             Began as a Minotaur Chaos Knight on Apr 11, 2022.
             Was a Plaything of Xom.
             Slain by Sigmund
             ... wielding a +0 scythe of draining
              (4 damage)
             ... on level 5 of the Dungeon.
             The game lasted 00:13:18 (4583 turns).

GigaChad the Covered (Minotaur Chaos Knight)        Turns: 4583, Time: 00:13:18

HP:   -2/43 (56)    AC: 13    Str: 15    XL:     6   Next: 79%
MP:   5/5           EV:  7    Int: 15    God:    Xom [*.....]
Gold: 218           SH:  0    Dex: 11    Spells: 5/5 levels left

rFire   . . .      SeeInvis .   a - +0 falchion (chaos)
rCold   x . .      Faith    .   (no shield)
rNeg    . . .      Spirit   .   s - +3 chain mail of Emouprit {rC- Will- Int+8}
rPois   .          Reflect  .   (helmet unavailable)
rElec   .          Harm     .   (no cloak)
rCorr   .          Rampage  .   (no gloves)
Will    .....                   (no boots)
Stlth   ..........              (no amulet)
HPRegen 0.14/turn               d - ring of flight
MPRegen 0.09/turn               (no ring)

@: flying, heavily drained
A: horns 3, retaliatory headbutt, dopey 1, weak 1
a: Renounce Religion


You were on level 5 of the Dungeon.
You worshipped Xom.
You were a special plaything of Xom.
You visited 1 branch of the dungeon, and saw 5 of its levels.

You collected 218 gold pieces.

Inventory:

Hand Weapons
 a - a +0 falchion of chaos (weapon)
 e - a +0 vorpal hunting sling
 m - a +1 dagger of holy wrath
 r - a +2 mace of protection
 w - a +0 bardiche
Armour
 b - a +2 leather armour
 h - a +0 chain mail
 s - the +3 chain mail of Emouprit (worn) {rC- Will- Int+8}
   (You found it on level 4 of the Dungeon)

   Int:       It affects your intelligence (+8).
   rC:        It makes you vulnerable to cold.
   Will:      It decreases your willpower.
Jewellery
 d - a ring of flight (left hand)
 q - a +6 ring of strength
Wands
 p - a wand of charming (10)
Scrolls
 j - 3 scrolls of immolation
 l - 2 scrolls of vulnerability {unknown}
 t - a scroll of enchant weapon {unknown}
 v - a scroll of amnesia
Potions
 f - a potion of degeneration {unknown}
 g - 3 potions of flight
 i - 3 potions of brilliance {unknown}
 k - 2 potions of magic {unknown}
 n - a potion of mutation {unknown}
 o - a potion of berserk rage
 u - 2 potions of curing
Miscellaneous
 c - a piece from Xom's chessboard (15/15) (quivered)


   Skills:
 + Level 5.0 Fighting
 + Level 5.5 Long Blades
 + Level 2.5 Polearms
 + Level 5.6 Armour
 + Level 2.3 Dodging
 + Level 0.8 Stealth


You had 5 spell levels left.
You didn't know any spells.
Your spell library contained the following spells:

 Spells                   Type           Power      Damage    Failure   Level
 Pain                     Necr           0%         1d4       99%         1
 Gell's Gravitas          Tloc           0%         N/A       100%        3
 Lesser Beckoning         Tloc           0%         N/A       100%        3
 Teleport Other           Tloc           0%         N/A       100%        3
 Agony                    Necr           0%         N/A       100%        5
 Excruciating Wounds      Necr           0%         N/A       100%        5
 Dispersal                Tloc           0%         N/A       100%        6


Dungeon Overview and Level Annotations

Branches:
Dungeon (5/15)
 Temple: D:4-7

Altars:
Hepliaklqana

Annotations:
D:5 Sigmund


Innate Abilities, Weirdness & Mutations

You have a pair of large horns on your head.
You reflexively headbutt those who attack you in melee.
You are dopey. (Int -2)
You are weak. (Str -2)


Message History

Sigmund is heavily wounded.
Sigmund hits you with a +0 scythe of draining.
You feel drained.
You hit Sigmund but do no damage.
Sigmund flickers and vanishes!
Deactivating autopickup; reactivate with Ctrl-A.
Xom is highly amused!
Your headbutt misses something. Something hits you but does no damage.
You feel drained.
You hit something. You burn something. You barely miss something.
Your headbutt misses something. "You have grown too confident for your meagre worth."
Your body is wracked with pain!
Something hits you.
You feel drained.
You miss something. Something hits you!
* * * LOW HITPOINT WARNING * * *
You feel drained.
* * * LOW HITPOINT WARNING * * *
You miss something. You completely miss something. Your punch misses something.
You hear some strange, mumbled words.
Something tries to affect you, but you resist.
You barely miss something. Something hits you but does no damage.
You feel drained.
You barely miss something. Something hits you but does no damage.
You feel drained.
You closely miss something. You slash something!
Nothing appears to happen.
Your headbutt misses something. Something hits you!
* * * LOW HITPOINT WARNING * * *
You feel drained.
* * * LOW HITPOINT WARNING * * *
You hit something.
There is a strange disturbance nearby!
Something hits you but does no damage.
You feel drained.
A magic dart appears from out of thin air!
The magic dart hits you.
* * * LOW HITPOINT WARNING * * *
Something hits you but does no damage.
You feel drained. Something hits you but does no damage.
You feel drained. Something hits you.
You die...

##§§§###.#.......
#§§§#...#.......
#§§§###.#.......
#§§§#...........
#§§§#.#.#.......
#§§§#.#......)..
#####§§§#####....)..
#...§§§§§...#.######
#.8@§§#..._.#.#
#...{.......#.#
#####...#####.#
#...# ... #._.#
#...# #####


There were no monsters in sight!

Vanquished Creatures
  A water moccasin (D:4)
  A phantom (D:5)
  A necrophage (D:4)
  2 hounds (D:4)
  An orc wizard (D:4)
  5 adders
  2 worms
  2 dart slugs (D:1)
  7 orcs
  7 endoplasms
  2 giant cockroaches (D:1)
  8 goblins
  4 hobgoblins
  2 jackals (D:1)
  4 quokkas
  8 ball pythons
  5 bats
  2 frilled lizards (D:1)
  13 kobolds
  2 rats
79 creatures vanquished.

Vanquished Creatures (others)
  6 toadstools (D:4)
6 creatures vanquished.

Grand Total: 85 creatures vanquished

Notes
Turn   | Place    | Note
-------+----------+-------------------------------------------
     0 | D:1      | GigaChad the Minotaur Chaos Knight began the quest for the
                  | Orb.
     0 | D:1      | Reached XP level 1. HP: 19/19 MP: 0/0
    54 | D:1      | XOM: divination: detect items
   231 | D:1      | XOM: noise
   340 | D:1      | Reached XP level 2. HP: 7/27 MP: 1/1
  1040 | D:1      | XOM: silly message
  1047 | D:2      | Found a faded altar of an unknown god.
  1086 | D:2      | Reached XP level 3. HP: 28/33 MP: 2/2
  1834 | D:2      | XOM: noise
  1922 | D:2      | XOM: silly message
  2127 | D:3      | Reached XP level 4. HP: 35/41 MP: 3/3
  2546 | D:4      | Noticed a water moccasin
  2555 | D:4      | Killed a water moccasin
  2556 | D:4      | Reached XP level 5. HP: 14/47 MP: 4/4
  2563 | D:4      | HP: 2/47 [endoplasm (2)]
  2566 | D:4      | Reached skill level 5 in Long Blades
  2960 | D:4      | XOM is BORED!
  2960 | D:4      | XOM: 1-stop teleportation journey
  3088 | D:4      | XOM: 1-stop teleportation journey
  3379 | D:4      | XOM: swap monsters
  3387 | D:4      | Reached skill level 5 in Armour
  3404 | D:4      | XOM: give mutation
  3404 | D:4      | Gained mutation: You are dopey. (Int -2) [Xom's mischief]
  3411 | D:4      | XOM: swap monsters
  3414 | D:4      | Reached XP level 6. HP: 20/51 MP: 5/5
  3684 | D:4      | XOM: summons 4 hostile shadow creatures
  3721 | D:4      | Reached skill level 1 in Polearms
  4132 | D:4      | Identified the +3 chain mail of Emouprit {rC- Will- Int+8}
  4189 | D:4      | XOM: give mutations
  4189 | D:4      | Gained mutation: You occasionally shout uncontrollably at
                  | your foes. [Xom's mischief]
  4189 | D:4      | Gained mutation: You have a pair of large horns on your
                  | head. [Xom's mischief]
  4189 | D:4      | Lost mutation: You occasionally shout uncontrollably at
                  | your foes. [Xom's mischief]
  4189 | D:4      | Gained mutation: You are weak. (Str -2) [Xom's mischief]
  4382 | D:5      | Entered Level 5 of the Dungeon
  4411 | D:5      | XOM: confusion
  4426 | D:5      | Reached skill level 5 in Fighting
  4461 | D:5      | XOM: noise
  4550 | D:5      | Found a faded altar of an unknown god.
  4551 | D:5      | Found a hazy altar of Hepliaklqana.
  4551 | D:5      | Noticed Sigmund
  4555 | D:5      | XOM: noise
  4560 | D:5      | XOM: torment (26/53 hp)
  4567 | D:5      | HP: 2/46 [something (3)]
  4579 | D:5      | HP: 1/45 [something/magic dart (2)]
  4583 | D:5      | Slain by Sigmund

Illustrated notes

Levels and vault maps discovered:
D:1:      matt_arrival_grand_opening, layout_basic
D:2:      layout_basic, serial_corexii_hall, corexii_hall_statues_u,
          chequers_hall_statues_wall_a, nicolae_ecumenical_pavilion
D:3:      layout_loops_cross
D:4:      cheibrodos_fertilizer, layout_loops_ring
D:5:      layout_loops_ring, beargit_hepliaklqana_dungeon_heroes, temple_hall

Skill      XL: |  1  2  3  4  5  6 |
---------------+-------------------+-----
Armour         | 3 4 5 |  5.6
Long Blades    | 4 5 |  5.5
Fighting       | 4 5 |  5.0
Dodging        | 2 |  2.3
Polearms       | 2 |  2.5
Stealth        | |  0.8

Action                   |  1- 3 |  4- 6 || total
-------------------------+-------+-------++-------
Melee: Falchion          |    82 |    97 ||   179
       Headbutt          |    10 |    18 ||    28
       Punch             |     3 |       ||     3
       Bardiche          |       |    59 ||    59
  Use: Scroll            |       |     8 ||     8
 Stab: Confused          |       |     1 ||     1
Armor: Leather armour    |    13 |       ||    13
       Chain mail        |    50 |   135 ||   185
Dodge: Dodged            |    48 |    69 ||   117

Table legend: (Time is in decaauts)
 A = Elapsed time spent in this place.
 B = Non-inter-level travel time spent in this place.
 C = Inter-level travel time spent in this place.
 D = Time resting spent in this place.
 E = Time spent auto-exploring this place.
 F = Levels seen in this place.
 G = Mean time per level.
                   A        B        C        D        E       F      G
               +--------+--------+--------+--------+--------+-----+--------+
         Total |   4646 |   4628 |     18 |   1397 |    943 |   5 |  929.2 |
       Dungeon |   4646 |   4628 |     18 |   1397 |    943 |   5 |  929.2 |
               +--------+--------+--------+--------+--------+-----+--------+

Top non-repeatable levels by time:
     D:4: 1899 daAuts
     D:1: 1052 daAuts
     D:2: 993 daAuts
     D:3: 499 daAuts
     D:5: 201 daAuts
